 Dungeon Crawl Stone Soup version 0.30.1-9-gdf580d7c3d (webtiles) character file.

Game seed: 5748469813296432044

31181 Chiseanne the Fighter (level 13, -2/109 HPs)
             Began as a Demonspawn Wanderer on Oct 8, 2023.
             Was an Initiate of Gozag.
             Killed by divine providence
             ... invoked by a meliai
              (11 damage)
             ... on level 14 of the Dungeon.
             The game lasted 00:37:23 (11242 turns).

Chiseanne the Fighter (Demonspawn Wanderer)        Turns: 11242, Time: 00:37:23

Health: -2/109     AC: 35    Str: 11    XL:     13   Next: 24%
Magic:  14/14      EV: 14    Int: 14    God:    Gozag
Gold:   1374       SH:  0    Dex: 17    Spells: 14/14 levels left

rFire   + + .        a - +2 scimitar (flame)
rCold   + . .        (no shield)
rNeg    + . .        d - +2 scale mail {rC+}
rPois   .            b - +1 helmet
rElec   +            u - +0 cloak
rCorr   .            G - +2 pair of gloves of Emaorut {rElec rF+ rN+ Str-4}
SInv    +            h - +3 pair of boots of the Turtle {Dex+2 SInv}
Will    .....        w - amulet of regeneration Stlth
                     k - +4 ring of protection
HPRegen 1.18/turn    l - +4 ring of protection
MPRegen 0.14/turn

%: no passive effects
@: mighty, lethally poisoned (-2 -> -2), gold aura, studying Polearms
A: hooves 1, molten scales 3, powered by pain 1, spiny 1
a: Renounce Religion, Potion Petition, Call Merchant, Bribe Branch


You were on level 14 of the Dungeon.
You worshipped Gozag.
Gozag was most pleased with you.
You visited 2 branches of the dungeon, and saw 15 of its levels.

You collected 2599 gold pieces.
You spent 423 gold pieces at shops.
You paid 802 gold pieces to Gozag.

Inventory:

Hand Weapons
 a - a +2 scimitar of flaming (weapon)
 s - a +1 heavy war axe
 v - a +4 dagger
 y - a +1 dagger of venom
 z - a +4 morningstar of freezing
 E - a +5 war axe
 M - the +5 falchion "Qekont" {heavy, *Noise rPois rF+ Will+}
   (You found it on level 12 of the Dungeon)

   rF:        It protects you from fire.
   rPois:     It protects you from poison.
   *Noise:    It may make noises in combat.
   Will:      It increases your willpower.
Missiles
 g - 9 boomerangs
 r - 32 poisoned darts (quivered)
 C - 9 atropa-tipped darts
Armour
 b - a +1 helmet (worn)
 d - a +2 scale mail of cold resistance (worn)
 f - a +0 pair of gloves of dexterity
 h - the +3 pair of boots of the Turtle (worn) {Dex+2 SInv}
   (You acquired it on level 1 of the Dungeon)

   Dex:       It affects your dexterity (+2).
   SInv:      It lets you see invisible.
 u - a +0 cloak (worn)
 x - a +1 ring mail of positive energy
 G - the +2 pair of gloves of Emaorut (worn) {rElec rF+ rN+ Str-4}
   (You bought it in a shop on level 9 of the Dungeon)

   Str:       It affects your strength (-4).
   rF:        It protects you from fire.
   rElec:     It insulates you from electricity.
   rN:        It protects you from negative energy.
 I - a scarf of resistance
 N - the +5 pair of gloves of Defiance {rC+}
   (You found it on level 12 of the Dungeon)

   rC:        It protects you from cold.
Jewellery
 k - a +4 ring of protection (left hand)
 l - a +4 ring of protection (right hand)
 w - an amulet of regeneration (around neck)
 B - a ring of positive energy
Wands
 i - a wand of digging (3)
 m - a wand of flame (37)
 K - a wand of mindburst (6)
Scrolls
 p - 2 scrolls of teleportation
 A - 3 scrolls of identify
 D - a scroll of butterflies
 F - a scroll of magic mapping
 H - a scroll of fog
Potions
 c - 4 potions of curing
 j - 4 potions of mutation
 n - 2 potions of heal wounds
 o - 2 potions of cancellation
 q - 3 potions of brilliance
 J - 2 potions of invisibility
 L - a potion of flight
 R - a potion of magic
Miscellaneous
 P - a lightning rod (3/4)


   Skills:
 * Level 12.6 Fighting
 + Level 10.0 Polearms
 - Level 1.0 Throwing
 * Level 11.5 Armour
 * Level 11.9 Dodging
 - Level 1.0 Spellcasting
 - Level 2.0 Hexes


You had 14 spell levels left.
You didn't know any spells.
Your spell library contained the following spells:

 Spells                   Type           Power      Damage    Failure   Level
 Slow                     Hex            24%        N/A       41%         1
 Kiss of Death            Conj/Necr      0%         2d5       71%         1
 Ensorcelled Hibernation  Hex/Ice        6%         N/A       71%         2
 Confusing Touch          Hex            6%         N/A       80%         3
 Blink                    Tloc           0%         N/A       83%         2
 Lesser Beckoning         Tloc           0%         N/A       83%         2
 Momentum Strike          Conj/Tloc      0%         3d8       83%         2
 Passwall                 Tmut/Erth      0%         N/A       83%         2
 Sublimation of Blood     Necr           0%         N/A       83%         2
 Wereblood                Tmut           0%         N/A       83%         2
 Gell's Gravitas          Tloc           0%         N/A       97%         3
 Spider Form              Tmut/Pois      0%         N/A       97%         3
 Swiftness                Air            0%         N/A       97%         3
 Teleport Other           Tloc           0%         N/A       97%         3
 Vhi's Electric Charge    Tloc/Air       0%         N/A       97%         3
 Dispel Undead            Necr           0%         3d6       100%        4
 Petrify                  Tmut/Erth      0%         N/A       100%        4
 Arcjolt                  Conj/Air       0%         1d10      100%        5
 Irradiate                Conj/Tmut      0%         3d11      100%        5
 Iskenderun's Battlesphe  Conj           0%         2d6       100%        5
 Dispersal                Tloc           0%         N/A       100%        6
 Iron Shot                Conj/Erth      0%         9d1       100%        6
 Spellforged Servitor     Conj/Summ      0%         N/A       100%        7
 Summon Hydra             Summ           0%         N/A       100%        7
 Borgnjor's Revivificati  Necr           0%         N/A       100%        8
 Lehudib's Crystal Spear  Conj/Erth      0%         10d2      100%        8
 Maxwell's Capacitive Co  Air            0%         ∞         100%        8
 Necromutation            Tmut/Necr      0%         N/A       100%        8
 Death's Door             Necr           0%         N/A       100%        9


Dungeon Overview and Level Annotations

Branches:
Dungeon (14/15)            Temple (1/1) D:6            Lair (0/5) D:10
    Orc (0/2) D:9          Vaults (0/5) D:14

Altars:
Ashenzari
Cheibriados
Dithmenos
Fedhas
Gozag
Hepliaklqana
Makhleb
Nemelex Xobeh
Okawaru
Qazlal
Ru
Sif Muna
Trog
Uskayaw
Vehumet
Wu Jian
Xom
Yredelemnul
Lugonu

Shops:
D:6 *   D:9 [   D:13 =

Annotations:
D:13 3 runed translucent doors, Rihmasto's ghost, journeyman HOBe; waddelsworth's ghost, journeyman MiBe


Innate Abilities, Weirdness & Mutations

You have large cloven feet.
You are completely covered in molten scales. (AC +4, rF+)
You sometimes gain a little power by taking damage.
You are partially covered in sharp spines.


Message History

You feel much better.
You feel sick. The centaur warrior hits you!
The centaur warrior kicks you but does no damage.
The meliai misses you.
The meliai stings you but does no damage.
The centaur warrior hits you but does no damage.
The centaur warrior completely misses you.
The meliai hits you but does no damage.
The meliai stings you but does no damage.
The centaur shouts!
The meliai buzzes angrily.
You hit the meliai but do no damage.
The meliai is moderately wounded.
You feel sick.
The centaur is no longer distracted by gold.
The meliai is no longer distracted by gold.
The meliai barely misses you.
The meliai stings you but does no damage.
The centaur warrior is struck by your spines.
The centaur warrior hits you but does no damage.
The centaur warrior kicks you but does no damage.
The meliai mumbles some strange prayers to its god against you.
Something smites you!
* * * LOW HITPOINT WARNING * * *
You focus on the pain.
You feel very mighty all of a sudden.
The meliai is distracted by your dazzling golden aura.
The centaur warrior is struck by your spines.
The centaur warrior hits you but does no damage.
The centaur warrior kicks you but does no damage.
The meliai buzzes angrily.
You closely miss the meliai.
The meliai is moderately wounded.
You feel sick. The meliai hits you with a +0 hand axe!
* * * LOW HITPOINT WARNING * * *
The meliai stings you.
* * * LOW HITPOINT WARNING * * *
The meliai calls down the wrath of its god upon you.
Something smites you!
You die...
Your body crumbles into a pile of gold.

#........+ #.(/.....# #
.# +........##≈# .#
#.........#≈# ..#
#........##≈# ..#
#.)......# # y..
#.)......# ###c#
#.)####### #$yc# ..####
##@# .....# #c.# .....#
##$######## .....#
#.........# .....####
###.........#
#......................#
#∩.....#######.........#
###...## #.........#
......# #.........#


You could see a centaur warrior, 2 meliai and 2 centaurs.

Vanquished Creatures
  An entropy weaver (shapeshifter) (D:14)
  A yaktaur captain (D:14)
  3 hydras (D:14)
  An ice dragon (D:10)
  2 centaur warriors (D:14)
  4 two-headed ogres
  A boulder beetle (D:13)
  5 skeletal warriors
  A harpy (shapeshifter) (D:14)
  Pikel (D:7)
  A wolf spider (D:14)
  A manticore (D:14)
  A cyclops (D:8)
  2 ugly things
  A gargoyle (D:12)
  3 kobold demonologists (D:12)
  4 unseen horrors
  3 efreet
  2 yaktaurs (D:14)
  A freezing wraith (D:10)
  8 trolls
  2 komodo dragons (D:10)
  A troll (shapeshifter) (D:14)
  A meliai (D:14)
  2 hornets
  6 slime creatures
  3 shadows
  12 yaks
  2 wraiths
  2 basilisks
  3 wyverns
  2 vampire mosquitoes (D:10)
  A steam dragon (D:7)
  Edmund (D:4)
  2 acid dragons
  2 black bears
  2 ice beasts
  4 sky beasts
  3 orc warriors
  2 ogres
  7 centaurs
  A phantom (D:7)
  5 kobold brigands
  Blork the orc (D:4)
  4 scorpions
  A gnoll sergeant (D:10)
  10 wights
  15 killer bees
  6 howler monkeys
  An electric eel (D:9)
  7 orc priests
  3 hounds
  A jelly (D:6)
  2 gnoll boudas (D:7)
  4 sleepcaps
  Natasha (twice) (D:3)
  3 iguanas
  Ijyb (D:3)
  11 orc wizards
  7 adders
  14 gnolls
  2 shadow imps
  A white imp (D:6)
  An ufetubus (D:5)
  2 worms
  2 dart slugs
  34 orcs
  9 ball pythons
  9 endoplasms
  7 giant cockroaches
  6 hobgoblins
  28 kobolds
  A quokka (D:3)
  9 bats
  3 frilled lizards
  7 goblins
  4 rats
331 creatures vanquished.

Vanquished Creatures (collateral kills)
  An ogre mage (D:14)
1 creature vanquished.

Vanquished Creatures (others)
  2 two-headed ogres (D:14)
  A wizard (D:14)
3 creatures vanquished.

Grand Total: 335 creatures vanquished

Notes
Turn   | Place    | Note
-------+----------+-------------------------------------------
     0 | D:1      | Chiseanne the Demonspawn Wanderer began the quest for the
                  | Orb.
     0 | D:1      | Chiseanne set off with the following items: a +2 spear, a
                  | +0 helmet, a potion of curing, a +0 robe; and the following
                  | spell memorised: Slow; and the following spells available
                  | to memorise: Confusing Touch.
     0 | D:1      | Reached XP level 1. HP: 13/13 MP: 2/2
     0 | D:1      | Chiseanne: you creat situations that nobody can handle you
                  | useless bitches
   198 | D:1      | Reached skill level 1 in Fighting
   227 | D:1      | Gained mutation: You are partially covered in sharp spines.
                  | [demonic ancestry]
   227 | D:1      | Reached XP level 2. HP: 21/21 MP: 3/3
  1072 | D:1      | Identified a scroll of acquirement
  1110 | D:1      | Acquired the +3 pair of boots of the Turtle {Dex+2 SInv}
  1163 | D:2      | Reached XP level 3. HP: 22/26 MP: 4/4
  1190 | D:2      | Got the Monograph on Terrestrial Effluvium
  1215 | D:2      | Found a stormy altar of Qazlal.
  1340 | D:2      | Reached skill level 1 in Armour
  1361 | D:2      | Reached skill level 2 in Fighting
  1363 | D:2      | Reached XP level 4. HP: 28/33 MP: 5/5
  1725 | D:3      | Noticed Ijyb
  1747 | D:3      | Killed Ijyb
  1979 | D:3      | Gained mutation: You have large cloven feet. [demonic
                  | ancestry]
  1979 | D:3      | Reached XP level 5. HP: 39/39 MP: 6/6
  2223 | D:4      | Noticed Natasha
  2248 | D:3      | Killed Natasha
  2250 | D:3      | Noticed Natasha
  2262 | D:3      | Killed Natasha
  2263 | D:3      | Reached skill level 3 in Fighting
  2357 | D:4      | Reached XP level 6. HP: 47/47 MP: 7/7
  2397 | D:4      | Noticed Edmund
  2429 | D:4      | Killed Edmund
  2543 | D:4      | Reached skill level 4 in Fighting
  2543 | D:4      | Gained mutation: You are partially covered in molten
                  | scales. (AC +2) [demonic ancestry]
  2543 | D:4      | Reached XP level 7. HP: 49/54 MP: 8/8
  2645 | D:4      | Noticed Blork the orc
  2659 | D:4      | Killed Blork the orc
  3152 | D:5      | Entered Level 5 of the Dungeon
  3172 | D:5      | Reached skill level 5 in Dodging
  3315 | D:5      | Noticed an unseen horror
  3341 | D:5      | Killed an unseen horror
  3342 | D:5      | Reached skill level 5 in Fighting
  3636 | D:5      | Gained mutation: You are mostly covered in molten scales.
                  | (AC +3) [demonic ancestry]
  3636 | D:5      | Reached XP level 8. HP: 62/62 MP: 9/9
  4306 | D:6      | Found Vipnaomp's Serpentskin Sales.
  4484 | D:6      | Reached skill level 5 in Armour
  4578 | D:6      | Reached skill level 6 in Fighting
  4675 | D:6      | Found a staircase to the Ecumenical Temple.
  4686 | Temple   | Entered the Ecumenical Temple
  4761 | Temple   | Became a worshipper of Gozag Ym Sagoz the Greedy
  5396 | D:7      | Reached XP level 9. HP: 71/71 MP: 10/10
  5455 | D:7      | Noticed Pikel
  5491 | D:7      | Killed Pikel
  5492 | D:7      | Reached skill level 7 in Fighting
  5607 | D:7      | Found a radiant altar of Vehumet.
  6061 | D:8      | Reached skill level 8 in Fighting
  6178 | D:8      | Gained mutation: You are completely covered in molten
                  | scales. (AC +4, rF+) [demonic ancestry]
  6178 | D:8      | Reached XP level 10. HP: 80/80 MP: 11/11
  6233 | D:8      | Noticed a cyclops
  6247 | D:8      | Killed a cyclops
  6880 | D:9      | Reached skill level 5 in Polearms
  6962 | D:9      | Paralysed by a hornet for 1 turns
  7039 | D:9      | Bought a pair of twisted gloves for 171 gold pieces
  7039 | D:9      | Identified the +2 pair of gloves of Emaorut {rElec rF+ rN+
                  | Str-4} (You bought it in a shop on level 9 of the Dungeon)
  7042 | D:9      | Noticed a two-headed ogre
  7047 | D:10     | Entered Level 10 of the Dungeon
  7078 | D:10     | Reached skill level 9 in Fighting
  7083 | D:10     | Found a sacrificial altar of Ru.
  7104 | D:10     | Found a staircase to the Lair.
  7459 | D:10     | Noticed an ice dragon
  7461 | D:10     | Chiseanne: right
  7461 | D:10     | Chiseanne: FU ? ...!
  7489 | D:10     | Noticed a green ugly thing
  7493 | D:10     | Reached XP level 11. HP: 75/89 MP: 12/12
  7505 | D:10     | Killed a green ugly thing
  7507 | D:10     | Noticed a seven-headed hydra
  7573 | D:10     | Killed an ice dragon
  7653 | D:10     | Reached skill level 10 in Fighting
  7678 | D:10     | Identified the +7 long sword "Ummarami" {flame, rN+ Dex+4}
  7818 | D:9      | Bought a runed ring mail for 126 gold pieces
  7831 | D:9      | Bought a shiny scale mail for 126 gold pieces
  7859 | D:9      | Killed a two-headed ogre
  7904 | D:9      | Found a hide-covered altar of Uskayaw.
  7904 | D:9      | Found an ornate altar of the Wu Jian Council.
  7904 | D:9      | Found a basalt altar of Yredelemnul.
  7913 | D:9      | Found a burning altar of Makhleb.
  7922 | D:9      | Found a snail-covered altar of Cheibriados.
  7924 | D:9      | Found a broken altar of Ashenzari.
  7928 | D:9      | Found a shadowy altar of Dithmenos.
  7929 | D:9      | Found a shimmering blue altar of Sif Muna.
  8002 | D:9      | Found a hazy altar of Hepliaklqana.
  8003 | D:9      | Found an iron altar of Okawaru.
  8188 | D:9      | Found a staircase to the Orcish Mines.
  8456 | D:10     | Noticed a two-headed ogre
  8462 | D:10     | Killed a two-headed ogre
  8463 | D:10     | Reached skill level 10 in Dodging
  8466 | D:10     | Found a blossoming altar of Fedhas.
  8489 | D:10     | Identified the amulet "Jiong" {RegenMP rF+}
  8489 | D:10     | Noticed a skeletal warrior
  8506 | D:10     | Chiseanne: you are stupid fuckers and nobody will ever get
                  | me down from that again
  8602 | D:11     | Noticed a skeletal warrior
  8602 | D:11     | Noticed a skeletal warrior
  8608 | D:11     | Chiseanne: just makes me more firm in my opinion
  8663 | D:12     | Killed a skeletal warrior
  9054 | D:12     | Identified the +5 falchion "Qekont" {heavy, *Noise rPois
                  | rF+ Will+}
  9086 | D:12     | Identified the +5 pair of gloves of Defiance {rC+}
  9108 | D:12     | Reached XP level 12. HP: 99/99 MP: 13/13
  9275 | D:12     | Reached skill level 11 in Fighting
  9275 | D:12     | Reached skill level 10 in Armour
  9663 | D:13     | Found a runed translucent gate.
  9664 | D:13     | Found a runed translucent gate.
  9760 | D:13     | Found Erarph's Jewellery Boutique.
  9764 | D:13     | Noticed a boulder beetle
  9790 | D:13     | Killed a boulder beetle
 10084 | D:13     | Found a runed translucent gate.
 10085 | D:13     | Noticed waddelsworth's ghost (journeyman MiBe)
 10086 | D:13     | Noticed Rihmasto's ghost (journeyman HOBe)
 10292 | D:14     | Noticed a yaktaur captain
 10303 | D:14     | Killed a yaktaur captain
 10306 | D:14     | Found a gate to the Vaults.
 10370 | D:14     | Noticed an ogre mage
 10370 | D:14     | Noticed a two-headed ogre
 10370 | D:14     | Noticed a two-headed ogre
 10370 | D:14     | Noticed a two-headed ogre
 10370 | D:14     | Noticed a two-headed ogre
 10389 | D:14     | Killed an ogre mage
 10392 | D:14     | Killed a two-headed ogre
 10397 | D:14     | Killed a two-headed ogre
 10443 | D:13     | Reached skill level 12 in Fighting
 10617 | D:14     | Noticed a four-headed hydra
 10627 | D:14     | Killed a one-headed hydra
 10663 | D:14     | Noticed an entropy weaver
 10676 | D:14     | Killed an entropy weaver
 10806 | D:14     | Noticed a four-headed hydra
 10826 | D:14     | a cane toad changed into an entropy weaver
 10826 | D:14     | Noticed an entropy weaver (shapeshifter)
 10830 | D:14     | an entropy weaver changed into a harpy
 10835 | D:14     | Gained mutation: You sometimes gain a little power by
                  | taking damage. [demonic ancestry]
 10835 | D:14     | Reached XP level 13. HP: 43/108 MP: 14/14
 11234 | D:14     | Reached skill level 10 in Polearms
 11242 | D:14     | Killed from afar by a meliai

Illustrated notes

Levels and vault maps discovered:
D:1:      elethiomel_arrival_infinity_welcomes_careful_drivers, layout_basic
D:2:      minmay_skewed_foursquare, layout_rooms, basic_altar,
          due_unseen_surprise
D:3:      layout_rooms, uniq_ijyb
D:4:      layout_basic, minivault_4, hangedman_minor_gate_pass, uniq_natasha,
          uniq_blork_the_orc, uniq_edmund
D:5:      layout_basic, minmay_manual_maat
D:6:      layout_basic, minmay_temple_entry_proselytizer, kennysheep_crisscross,
          nrook_mini_vaults, st_stairs_2, corexii_checkpoint_a,
          guppyfry_shop_venom
D:7:      layout_cave_pools, tso_altar, lemuel_doored_altar,
          grunt_ministairs_14, dk_rats_in_the_wall, uniq_pikel
D:8:      layout_basic, zin_academy
D:9:      layout_gridville, nicolae_overflow_hallway_of_the_gods,
          nicolae_overflow_squiral
D:10:     minmay_the_grid_3x3 [minmay_the_grid_outer_diamond,
          minmay_the_grid_garden, minmay_the_grid_dragon_b,
          minmay_the_grid_minigrid_small, minmay_the_grid_expand,
          minmay_the_grid_box_x, minmay_the_grid_pillar_ring,
          minmay_the_grid_all_tris, minmay_the_grid_prize_trominoes],
          layout_basic, nicolae_ru_awakened_eye, mainiacjoe_overflow_alcove_2
D:11:     layout_rooms, kennysheep_generic_room_9
D:12:     layout_stronghold, minmay_misc_feat_alley
D:13:     layout_cave_pools, serial_shops, bzr_firewalk,
          gammafunk_ghost_cemetery, minmay_shop_enchanted_jewellery
D:14:     layout_roguey, david_vaults_2, serial_aquarium,
          aquarium_bridge_straight [aquarium_subvault_bridge,
          aquarium_subvault_wall, aquarium_subvault_bridge,
          aquarium_subvault_balcony], aquarium_window_double,
          aquarium_window_fake, aquarium_window_fake, aquarium_view_2a,
          minivault_28
Temple:   corrupted_temple

Skill      XL: |  1  2  3  4  5  6  7  8  9 10 11 12 13 |
---------------+----------------------------------------+-----
Fighting       | 1 2 3 4 5 6 8 9 10 12 | 12.6
Dodging        | 3 4 5 6 8 9 10 11 | 11.9
Armour         | 1 2 3 4 5 7 8 9 11 | 11.5
Polearms       | 4 6 8 9 10 | 10.0
Throwing       | |  1.0
Spellcasting   | |  1.0
Hexes          | |  2.0

Action                     |  1- 3 |  4- 6 |  7- 9 | 10-12 | 13-15 || total
---------------------------+-------+-------+-------+-------+-------++-------
  Melee: Spear             |    80 |   123 |   155 |       |       ||   358
         War axe           |       |       |   115 |   315 |       ||   430
         Punch             |       |       |     3 |    15 |     1 ||    19
         Dagger            |       |       |     3 |    28 |       ||    31
         Scimitar          |       |       |       |    89 |    94 ||   183
         Morningstar       |       |       |       |    26 |       ||    26
  Throw: Dart              |       |       |    12 |     3 |     2 ||    17
         Stone             |       |       |     1 |       |       ||     1
         Boomerang         |       |       |       |     1 |       ||     1
   Cast: Slow              |     1 |       |       |       |       ||     1
 Invoke: Call Merchant     |       |       |       |     1 |       ||     1
  Evoke: Wand              |       |       |     1 |    10 |       ||    11
         Lightning rod     |       |       |       |     3 |     1 ||     4
    Use: Scroll            |     5 |     5 |     6 |    13 |       ||    29
         Potion            |       |     1 |       |     5 |     3 ||     9
   Stab: Sleeping          |       |     1 |       |       |       ||     1
         Distracted        |       |       |     3 |     2 |       ||     5
 Armour: Robe              |     5 |       |       |       |       ||     5
         Ring mail         |    12 |    60 |   147 |   172 |       ||   391
         Scale mail        |       |       |       |   296 |   133 ||   429
  Dodge: Dodged            |    38 |    65 |   226 |   614 |   101 ||  1044
